Orlando Solar Bears vs Adelaide Pink Elephants
Created - Sunday, June 4, 2023 at 08:43
Goals
|
| Orlando Solar Bears |
0 |
1 |
0 |
1 |
| Adelaide Pink Elephants |
2 |
1 |
1 |
4 |
|
Shots
|
| Orlando Solar Bears |
12 |
10 |
13 |
35 |
| Adelaide Pink Elephants |
7 |
7 |
8 |
22 |
|
1st period
1. Adelaide Pink Elephants , Ryan Dzingel 23 (Johan Larsson 53, Adam Gaudette 37) at 14:43 (PP)
2. Adelaide Pink Elephants , Johan Larsson 52 (Ryan Dzingel 51) at 16:09
Penalties :
Artemi Kniazev (OSB) for Hooking (Minor) at 14:35, Declan Chisholm (APE) for Holding (Minor) at 19:00
2nd period
3. Adelaide Pink Elephants , Riley Damiani 12 (Ryan Dzingel 52) at 9:31 (SH)
4. Orlando Solar Bears , Jason Dickinson 46 (Jordan Martinook 52) at 9:46 (PP)
Penalties :
Adam Gaudette (APE) for Fighting (Major) at 2:56, Martin Pospisil (OSB) for Fighting (Major) at 2:56, Martin Pospisil (OSB) for instigated a fight (Minor) at 2:56, Martin Pospisil (OSB) for instigated a fight (10 Minutes Misconduct) at 2:56, Johan Larsson (APE) for Hooking (Minor) at 9:03, Adam Beckman (OSB) for High sticking (Minor) at 18:26
3rd period
5. Adelaide Pink Elephants , Adam Gaudette 33 (Philippe Myers 27, Johan Larsson 54) at 4:37 (PP)
Penalties :
Jarred Tinordi (OSB) for Hooking (Minor) at 4:06, Jamieson Rees (OSB) for Roughing (Minor) at 6:11, Linus Weissbach (OSB) for Tripping (Minor) at 15:03
Goalie Stats
Filip Gustavsson (OSB), 18 saves from 22 shots - (0.818), L, 20-16-2, 60:00 minutes
Ryan Fanti (APE), 34 saves from 35 shots - (0.971), W, 2-0-1, 60:00 minutes
Players Stats for Orlando Solar Bears
Player Name G A P +/- PIM S H SB GA TA FO MP PP MP PK MP
------------------------------------------------------------------------------------
Adam Beckman 0 0 0 0 2 1 0 0 0 0 0/1 14:00 0:47 0:00
Alex Turcotte 0 0 0 -1 0 0 1 0 0 0 3/3 11:10 0:00 1:19
Artemi Kniazev 0 0 0 0 2 1 0 1 0 0 0/0 19:47 0:33 3:14
Donovan Sebrango 0 0 0 -1 0 0 2 0 0 0 0/0 17:22 0:00 0:32
Emilio Pettersen 0 0 0 -1 0 3 1 0 1 0 0/0 9:26 0:00 0:00
Isaak Phillips 0 0 0 0 0 0 4 0 1 0 0/0 20:19 0:33 3:14
Jamieson Rees 0 0 0 -1 2 3 2 0 0 1 0/0 10:39 0:00 0:00
Jarred Tinordi 0 0 0 -1 2 3 4 2 0 3 0/0 22:57 2:09 4:49
Jason Dickinson 1 0 1 -1 0 5 1 2 2 0 12/33 21:20 1:55 5:17
John Leonard 0 0 0 -1 0 2 1 0 1 0 1/1 18:17 1:55 1:19
Jordan Martinook 0 1 1 -1 0 3 0 1 1 0 0/2 18:32 1:55 1:59
Linus Weissbach 0 0 0 0 2 2 0 0 1 0 0/0 12:02 0:00 0:00
Martin Pospisil 0 0 0 0 17 1 1 0 0 0 0/0 8:28 0:00 0:00
Max Gildon 0 0 0 -1 0 0 2 0 0 1 0/0 16:07 0:00 0:00
Morgan Frost 0 0 0 0 0 3 1 0 4 0 5/8 19:18 0:47 5:17
Philip Tomasino 0 0 0 0 0 1 0 1 0 0 3/7 14:00 0:00 1:59
Valtteri Puustinen 0 0 0 0 0 4 1 0 1 1 0/0 14:01 0:47 0:00
Victor Soderstrom 0 0 0 -1 0 3 1 4 3 1 0/0 23:34 2:09 5:21
Players Stats for Adelaide Pink Elephants
Player Name G A P +/- PIM S H SB GA TA FO MP PP MP PK MP
------------------------------------------------------------------------------------
A.J. Greer 0 0 0 0 0 1 1 4 1 0 0/0 15:30 0:04 0:00
Adam Gaudette 1 1 2 1 5 4 1 0 1 1 2/6 16:01 3:37 1:22
Akil Thomas 0 0 0 0 0 1 2 1 0 0 0/0 15:33 0:04 0:00
Axel Jonsson-Fjallby 0 0 0 0 0 1 3 1 0 1 0/0 13:56 0:00 0:00
Ben Gleason 0 0 0 0 0 0 1 0 0 2 0/0 15:06 0:00 0:00
Caleb Jones 0 0 0 1 0 1 2 0 0 0 0/0 22:49 4:28 1:26
Declan Chisholm 0 0 0 1 2 0 2 2 0 0 0/0 21:29 4:07 0:16
Johan Larsson 1 2 3 1 2 3 2 1 0 3 8/21 21:32 4:36 0:55
Kevin Stenlund 0 0 0 0 0 2 1 1 0 2 11/15 20:16 3:55 1:22
Marc McLaughlin 0 0 0 0 0 0 0 0 0 0 0/0 2:49 0:22 0:00
Matthew Phillips 0 0 0 0 0 1 1 0 2 0 1/1 18:04 3:55 0:00
Nick Cicek 0 0 0 0 0 0 2 0 0 1 0/0 16:49 0:00 1:00
Philippe Myers 0 1 1 1 0 3 0 3 2 1 0/0 22:56 4:28 1:26
Riley Damiani 1 0 1 1 0 2 1 1 0 1 7/9 19:19 3:55 0:25
Robin Salo 0 0 0 1 0 0 1 1 0 2 0/0 22:04 4:07 1:16
Ryan Dzingel 1 2 3 2 0 3 5 0 1 1 0/1 21:49 4:36 1:20
Ryan Suzuki 0 0 0 0 0 0 1 0 0 0 0/0 4:12 0:41 0:00
Tyler Madden 0 0 0 0 0 0 0 0 0 0 2/2 7:01 0:00 0:00
3 Stars
1 - Ryan Dzingel (APE)
2 - Ryan Fanti (APE)
3 - Johan Larsson (APE)
Power Play
Orlando Solar Bears - 1 on 2 Attempt(s) - 50.00%
Adelaide Pink Elephants - 2 on 6 Attempt(s) - 33.33%
Penalty Kill
Orlando Solar Bears - 4 on 6 Attempt(s) - 66.67%
- Score 0 goal in Penalty Kill
Adelaide Pink Elephants - 1 on 2 Attempt(s) - 50.00%
- Score 1 goal in Penalty Kill
Team Stat
Orlando Solar Bears - Hits : 22 - Faceoff Wins : 24 - Blocked Shots : 11 - Penalty Minutes : 27
Adelaide Pink Elephants - Hits : 26 - Faceoff Wins : 31 - Blocked Shots : 15 - Penalty Minutes : 9
Official
Referees : Dave Jackson and Kevin Pollock
Linesman : Mike Cvik and Jonny Murray
Game Notes
Martin Pospisil beats up Adam Gaudette at 2:56 of 2nd period
Orlando Solar Bears
5 vs 5 Forward
Center Left Wing Right Wing Time % Phy DF OF
1 Jason Dickinson Jordan Martinook John Leonard 32 1 2 2
2 Morgan Frost Adam Beckman Valtteri Puustinen 27 1 2 2
3 Philip Tomasino Linus Weissbach Martin Pospisil 23 1 2 2
4 Alex Turcotte Emilio Pettersen Jamieson Rees 18 1 2 2
5 vs 5 Defense
Defense Defense Time % Phy DF OF
1 Victor Soderstrom Jarred Tinordi 35 1 2 2
2 Isaak Phillips Artemi Kniazev 33 1 2 2
3 Max Gildon Donovan Sebrango 32 1 2 2
4 Victor Soderstrom Jarred Tinordi 0 1 2 2
PowerPlay Forward
Center Left Wing Right Wing Time % Phy DF OF
1 Jason Dickinson Jordan Martinook John Leonard 60 1 2 2
2 Morgan Frost Adam Beckman Valtteri Puustinen 40 1 2 2
PowerPlay Defense
Defense Defense Time % Phy DF OF
1 Victor Soderstrom Jarred Tinordi 60 1 2 2
2 Isaak Phillips Artemi Kniazev 40 1 2 2
Penalty Kill 4 Players Forward
Center Wing Time % Phy DF OF
1 Jason Dickinson Morgan Frost 60 1 2 2
2 Philip Tomasino Jordan Martinook 40 1 2 2
Penalty Kill 4 Players Defense
Defense Defense Time % Phy DF OF
1 Victor Soderstrom Jarred Tinordi 60 1 2 2
2 Isaak Phillips Artemi Kniazev 40 1 2 2
Penalty Kill - 3 Players Forward
Forward Time % Phy DF OF
1 Jason Dickinson 60 1 2 2
2 Morgan Frost 40 1 2 2
Penalty Kill - 3 Players Defense
Defense Defense Time % Phy DF OF
1 Victor Soderstrom Jarred Tinordi 60 1 2 2
2 Isaak Phillips Artemi Kniazev 40 1 2 2
4 vs 4 Forward
Center Wing Time % Phy DF OF
1 Jason Dickinson Morgan Frost 60 1 2 2
2 Philip Tomasino Jordan Martinook 40 1 2 2
4 vs 4 Defense
Defense Defense Time % Phy DF OF
1 Victor Soderstrom Jarred Tinordi 60 1 2 2
2 Isaak Phillips Artemi Kniazev 40 1 2 2
Last Minutes Offensive
Center Left Wing Right Wing Defense Defense
Jason Dickinson Jordan Martinook John Leonard Victor Soderstrom Jarred Tinordi
Last Minutes Defensive
Center Left Wing Right Wing Defense Defense
Jason Dickinson Jordan Martinook John Leonard Victor Soderstrom Jarred Tinordi
Goaltenders
Starting : Filip Gustavsson
Backup : Felix Sandstrom
Extra Forwards
Normal : Jamieson Rees, Linus Weissbach, Alex Turcotte - PP : Jamieson Rees, Linus Weissbach - PK : Alex Turcotte
Extra Defensemen
Normal : Max Gildon, Donovan Sebrango, Isaak Phillips - PP : Max Gildon - PK : Donovan Sebrango, Isaak Phillips
Penalty Shots
Jason Dickinson, Morgan Frost, Philip Tomasino, Jordan Martinook, John Leonard
Adelaide Pink Elephants
5 vs 5 Forward
Center Left Wing Right Wing Time % Phy DF OF
1 Johan Larsson Ryan Dzingel Adam Gaudette 30 1 2 2
2 Kevin Stenlund Axel Jonsson-Fjallby Matthew Phillips 30 1 2 2
3 Riley Damiani A.J. Greer Akil Thomas 25 1 2 2
4 Tyler Madden Johan Larsson Ryan Dzingel 15 1 2 2
5 vs 5 Defense
Defense Defense Time % Phy DF OF
1 Caleb Jones Philippe Myers 35 1 2 2
2 Robin Salo Declan Chisholm 35 1 2 2
3 Ben Gleason Nick Cicek 30 1 2 2
4 Caleb Jones Philippe Myers 0 1 2 2
PowerPlay Forward
Center Left Wing Right Wing Time % Phy DF OF
1 Johan Larsson Ryan Dzingel Adam Gaudette 50 1 2 2
2 Kevin Stenlund Riley Damiani Matthew Phillips 50 1 2 2
PowerPlay Defense
Defense Defense Time % Phy DF OF
1 Caleb Jones Philippe Myers 50 1 2 2
2 Robin Salo Declan Chisholm 50 1 2 2
Penalty Kill 4 Players Forward
Center Wing Time % Phy DF OF
1 Johan Larsson Ryan Dzingel 50 1 2 2
2 Adam Gaudette Kevin Stenlund 50 1 2 2
Penalty Kill 4 Players Defense
Defense Defense Time % Phy DF OF
1 Caleb Jones Philippe Myers 50 1 2 2
2 Robin Salo Declan Chisholm 50 1 2 2
Penalty Kill - 3 Players Forward
Forward Time % Phy DF OF
1 Johan Larsson 50 1 2 2
2 Ryan Dzingel 50 1 2 2
Penalty Kill - 3 Players Defense
Defense Defense Time % Phy DF OF
1 Caleb Jones Philippe Myers 50 1 2 2
2 Robin Salo Declan Chisholm 50 1 2 2
4 vs 4 Forward
Center Wing Time % Phy DF OF
1 Johan Larsson Ryan Dzingel 50 1 2 2
2 Adam Gaudette Kevin Stenlund 50 1 2 2
4 vs 4 Defense
Defense Defense Time % Phy DF OF
1 Caleb Jones Philippe Myers 50 1 2 2
2 Robin Salo Declan Chisholm 50 1 2 2
Last Minutes Offensive
Center Left Wing Right Wing Defense Defense
Johan Larsson Ryan Dzingel Adam Gaudette Caleb Jones Philippe Myers
Last Minutes Defensive
Center Left Wing Right Wing Defense Defense
Johan Larsson Ryan Dzingel Adam Gaudette Caleb Jones Philippe Myers
Goaltenders
Starting : Ryan Fanti
Backup : Jet Greaves
Extra Forwards
Normal : Ryan Suzuki, Marc McLaughlin, Riley Damiani - PP : Ryan Suzuki, Marc McLaughlin - PK : Riley Damiani
Extra Defensemen
Normal : Ben Gleason, Nick Cicek, Robin Salo - PP : Ben Gleason - PK : Nick Cicek, Robin Salo
Penalty Shots
Johan Larsson, Ryan Dzingel, Adam Gaudette, Kevin Stenlund, Matthew Phillips
% Time on Ice - Orlando Solar Bears
Lines # - Real PCT - Wanted PCT - Time Play
Normal Forward
1 - 29% - 32% - 14:17
2 - 27% - 27% - 13:13
3 - 24% - 23% - 11:47
4 - 19% - 18% - 9:26
Normal Defense
1 - 34% - 35% - 16:42
2 - 33% - 33% - 16:01
3 - 33% - 32% - 16:00
4 - 0% - 0% - 0:00
PP Forward
1 - 71% - 60% - 1:55
2 - 29% - 40% - 0:47
PP Defense
1 - 80% - 60% - 2:09
2 - 20% - 40% - 0:33
PK Forward
1 - 77% - 60% - 6:36
2 - 23% - 40% - 1:59
PK Defense
1 - 62% - 60% - 5:21
2 - 38% - 40% - 3:14
PK3 Forward
1 - 0% - 60%
2 - 0% - 40%
PK3 Defense
1 - 0% - 60%
2 - 0% - 40%
44 Forward
1 - 0% - 60%
2 - 0% - 40%
44 Defense
1 - 0% - 60%
2 - 0% - 40%
Last Minute Offensive - 0:00
Last Minute Defensive - 0:00
Total
Forward - 60:00
Defense - 60:00
|
% Time on Ice - Adelaide Pink Elephants
Lines # - Real PCT - Wanted PCT - Time Play
Normal Forward
1 - 25% - 30% - 12:19
2 - 31% - 30% - 14:59
3 - 30% - 25% - 14:24
4 - 14% - 15% - 7:01
Normal Defense
1 - 35% - 35% - 17:02
2 - 34% - 35% - 16:41
3 - 31% - 30% - 15:00
4 - 0% - 0% - 0:00
PP Forward
1 - 54% - 50% - 4:40
2 - 46% - 50% - 3:55
PP Defense
1 - 52% - 50% - 4:28
2 - 48% - 50% - 4:07
PK Forward
1 - 49% - 50% - 1:20
2 - 51% - 50% - 1:22
PK Defense
1 - 53% - 50% - 1:26
2 - 47% - 50% - 1:16
PK3 Forward
1 - 0% - 50%
2 - 0% - 50%
PK3 Defense
1 - 0% - 50%
2 - 0% - 50%
44 Forward
1 - 0% - 50%
2 - 0% - 50%
44 Defense
1 - 0% - 50%
2 - 0% - 50%
Last Minute Offensive - 0:00
Last Minute Defensive - 0:00
Total
Forward - 60:00
Defense - 60:00
|
Play-by-Play
1st period
0:01 of 1st period - Jason Dickinson wins face-off versus Johan Larsson in neutral zone.
0:15 of 1st period - Snap shot by Jordan Martinook.
0:15 of 1st period - Stopped by Ryan Fanti without a rebound.
0:16 of 1st period - Kevin Stenlund wins face-off versus Morgan Frost in Adelaide Pink Elephants zone.
0:22 of 1st period - Icing by Axel Jonsson-Fjallby.
0:23 of 1st period - Kevin Stenlund wins face-off versus Adam Beckman in Adelaide Pink Elephants zone.
2:00 of 1st period - Wrist shot by Ryan Dzingel.
2:00 of 1st period - Stopped by Filip Gustavsson without a rebound.
2:01 of 1st period - Riley Damiani wins face-off versus Philip Tomasino in Orlando Solar Bears zone.
2:02 of 1st period - Slapshot by A.J. Greer.
2:02 of 1st period - Stopped by Filip Gustavsson with a rebound.
2:26 of 1st period - Jason Dickinson is hit by Matthew Phillips and loses puck.
3:24 of 1st period - Wrist shot by Philip Tomasino.
3:24 of 1st period - Shot Misses the Net.
3:42 of 1st period - Ben Gleason is hit by Jarred Tinordi and loses puck.
5:03 of 1st period - Martin Pospisil is hit by Ben Gleason and loses puck.
5:17 of 1st period - Axel Jonsson-Fjallby is hit by Jamieson Rees and loses puck.
6:52 of 1st period - Caleb Jones is hit by Jarred Tinordi and loses puck.
7:07 of 1st period - Robin Salo is hit by Alex Turcotte and loses puck.
7:38 of 1st period - Akil Thomas is hit by Jarred Tinordi and loses puck.
8:21 of 1st period - Wrist shot by Philip Tomasino.
8:21 of 1st period - Shot Hit the Post.
8:36 of 1st period - Nick Cicek is hit by Valtteri Puustinen and loses puck.
9:25 of 1st period - Robin Salo is hit by Isaak Phillips and loses puck.
9:42 of 1st period - Icing by Ryan Dzingel.
9:43 of 1st period - Tyler Madden wins face-off versus Jason Dickinson in Adelaide Pink Elephants zone.
9:43 of 1st period - Tyler Madden is hit by Jason Dickinson.
10:09 of 1st period - Linus Weissbach is hit by Kevin Stenlund and loses puck.
10:39 of 1st period - Victor Soderstrom is hit by A.J. Greer and loses puck.
10:56 of 1st period - Snap shot by John Leonard.
10:56 of 1st period - Stopped by Ryan Fanti with a rebound.
10:58 of 1st period - Wrist shot by Jason Dickinson.
10:58 of 1st period - Shot Blocked by A.J. Greer.
11:00 of 1st period - Slapshot by Jarred Tinordi.
11:00 of 1st period - Stopped by Ryan Fanti without a rebound.
11:01 of 1st period - Matthew Phillips wins face-off versus Jordan Martinook in Adelaide Pink Elephants zone.
11:37 of 1st period - Slapshot by Linus Weissbach.
11:37 of 1st period - Shot Blocked by A.J. Greer.
11:39 of 1st period - Snap shot by Max Gildon.
11:39 of 1st period - Shot Misses the Net.
11:41 of 1st period - Wrist shot by Linus Weissbach.
11:41 of 1st period - Stopped by Ryan Fanti with a rebound.
11:43 of 1st period - Backhand shot by Martin Pospisil.
11:43 of 1st period - Stopped by Ryan Fanti without a rebound.
11:44 of 1st period - Morgan Frost wins face-off versus Kevin Stenlund in Adelaide Pink Elephants zone.
11:47 of 1st period - Wrist shot by Morgan Frost.
11:47 of 1st period - Deflect By Adam Beckman.
11:47 of 1st period - Shot Misses the Net.
11:47 of 1st period - Puck is out of play.
11:48 of 1st period - Kevin Stenlund wins face-off versus Morgan Frost in Adelaide Pink Elephants zone.
11:57 of 1st period - Snap shot by Valtteri Puustinen.
11:57 of 1st period - Stopped by Ryan Fanti with a rebound.
11:59 of 1st period - Slapshot by Victor Soderstrom.
11:59 of 1st period - Stopped by Ryan Fanti with a rebound.
12:01 of 1st period - Slapshot by Jarred Tinordi.
12:01 of 1st period - Shot Blocked by Axel Jonsson-Fjallby.
12:03 of 1st period - Wrist shot by Adam Beckman.
12:03 of 1st period - Shot Misses the Net.
12:25 of 1st period - Wrist shot by Kevin Stenlund.
12:25 of 1st period - Shot Blocked by Victor Soderstrom.
12:27 of 1st period - Backhand shot by Axel Jonsson-Fjallby.
12:27 of 1st period - Stopped by Filip Gustavsson with a rebound.
12:35 of 1st period - Snap shot by Matthew Phillips.
12:35 of 1st period - Stopped by Filip Gustavsson without a rebound.
12:36 of 1st period - Riley Damiani wins face-off versus Jason Dickinson in Orlando Solar Bears zone.
12:59 of 1st period - Jason Dickinson is hit by Declan Chisholm and loses puck.
13:08 of 1st period - Declan Chisholm is hit by Donovan Sebrango.
13:28 of 1st period - Jason Dickinson is hit by Riley Damiani.
13:32 of 1st period - Akil Thomas is hit by Donovan Sebrango and loses puck.
13:41 of 1st period - Wrist shot by Jason Dickinson.
13:41 of 1st period - Shot Misses the Net.
13:48 of 1st period - Off-side.
13:49 of 1st period - Philip Tomasino wins face-off versus Johan Larsson in neutral zone.
14:14 of 1st period - Morgan Frost is hit by Axel Jonsson-Fjallby and loses puck.
14:29 of 1st period - Caleb Jones is hit by Morgan Frost.
14:35 of 1st period - Minor Penalty to Artemi Kniazev for Hooking.
14:36 of 1st period - Johan Larsson wins face-off versus Jason Dickinson in Orlando Solar Bears zone.
14:43 of 1st period - Slapshot by Ryan Dzingel.
14:43 of 1st period - Goal by Ryan Dzingel - Orlando Solar Bears : 0 - Adelaide Pink Elephants : 1.
14:44 of 1st period - Johan Larsson wins face-off versus Jordan Martinook in neutral zone.
15:20 of 1st period - Wrist shot by Martin Pospisil.
15:20 of 1st period - Shot Misses the Net.
15:38 of 1st period - Snap shot by Valtteri Puustinen.
15:38 of 1st period - Stopped by Ryan Fanti with a rebound.
15:40 of 1st period - Wrist shot by Morgan Frost.
15:40 of 1st period - Shot Blocked by Akil Thomas.
15:52 of 1st period - Wrist shot by Ryan Dzingel.
15:52 of 1st period - Stopped by Filip Gustavsson without a rebound.
15:53 of 1st period - Alex Turcotte wins face-off versus Johan Larsson in Orlando Solar Bears zone.
15:58 of 1st period - Emilio Pettersen is hit by Caleb Jones and loses puck.
16:09 of 1st period - Snap shot by Johan Larsson.
16:09 of 1st period - Goal by Johan Larsson - Orlando Solar Bears : 0 - Adelaide Pink Elephants : 2.
16:10 of 1st period - Jason Dickinson wins face-off versus Johan Larsson in neutral zone.
16:17 of 1st period - Slapshot by Jason Dickinson.
16:17 of 1st period - Shot Blocked by Johan Larsson.
16:35 of 1st period - Martin Pospisil is hit by Axel Jonsson-Fjallby and loses puck.
17:16 of 1st period - Slapshot by Victor Soderstrom.
17:16 of 1st period - Stopped by Ryan Fanti with a rebound.
17:18 of 1st period - Snap shot by Jamieson Rees.
17:18 of 1st period - Stopped by Ryan Fanti with a rebound.
17:26 of 1st period - Wrist shot by Jamieson Rees.
17:26 of 1st period - Stopped by Ryan Fanti with a rebound.
17:28 of 1st period - Slapshot by Victor Soderstrom.
17:28 of 1st period - Stopped by Ryan Fanti without a rebound.
17:29 of 1st period - Jason Dickinson wins face-off versus Kevin Stenlund in Adelaide Pink Elephants zone.
17:30 of 1st period - Wrist shot by John Leonard.
17:30 of 1st period - Shot Misses the Net.
18:14 of 1st period - Philippe Myers is hit by Max Gildon and loses puck.
18:45 of 1st period - Donovan Sebrango is hit by Robin Salo.
19:00 of 1st period - Minor Penalty to Declan Chisholm for Holding.
19:01 of 1st period - Johan Larsson wins face-off versus Jason Dickinson in Adelaide Pink Elephants zone.
19:13 of 1st period - Wrist shot by Jordan Martinook.
19:13 of 1st period - Deflect By John Leonard.
19:13 of 1st period - Shot Misses the Net.
19:13 of 1st period - Puck is out of play.
19:14 of 1st period - Jason Dickinson wins face-off versus Adam Gaudette in Adelaide Pink Elephants zone.
Goals for this period are 0 for Orlando Solar Bears vs 2 for Adelaide Pink Elephants.
Shots for this period are 12 for Orlando Solar Bears vs 7 for Adelaide Pink Elephants.
2nd period
0:01 of 2nd period - Jason Dickinson wins face-off versus Adam Gaudette in neutral zone.
0:06 of 2nd period - Snap shot by Jordan Martinook.
0:06 of 2nd period - Shot Blocked by Philippe Myers.
0:10 of 2nd period - Wrist shot by Jason Dickinson.
0:10 of 2nd period - Stopped by Ryan Fanti with a rebound.
0:12 of 2nd period - Slapshot by Jarred Tinordi.
0:12 of 2nd period - Deflect By Jason Dickinson.
0:12 of 2nd period - Shot Misses the Net.
0:12 of 2nd period - Puck is out of play.
0:13 of 2nd period - John Leonard wins face-off versus Johan Larsson in Adelaide Pink Elephants zone.
0:41 of 2nd period - Icing by Morgan Frost.
0:42 of 2nd period - Morgan Frost wins face-off versus Adam Gaudette in Orlando Solar Bears zone.
1:00 of 2nd period - Penalty to Declan Chisholm is over, Declan Chisholm is back on ice.
1:23 of 2nd period - Morgan Frost is hit by Nick Cicek and loses puck.
1:42 of 2nd period - Snap shot by Morgan Frost.
1:42 of 2nd period - Shot Blocked by Kevin Stenlund.
1:44 of 2nd period - Slapshot by Adam Beckman.
1:44 of 2nd period - Shot Misses the Net.
1:46 of 2nd period - Snap shot by Morgan Frost.
1:46 of 2nd period - Stopped by Ryan Fanti with a rebound.
1:48 of 2nd period - Slapshot by Jarred Tinordi.
1:48 of 2nd period - Stopped by Ryan Fanti without a rebound.
1:49 of 2nd period - Riley Damiani wins face-off versus Jason Dickinson in Adelaide Pink Elephants zone.
1:57 of 2nd period - Off-side.
1:58 of 2nd period - Riley Damiani wins face-off versus Jason Dickinson in neutral zone.
2:09 of 2nd period - Snap shot by Jordan Martinook.
2:09 of 2nd period - Shot Blocked by A.J. Greer.
2:17 of 2nd period - Snap shot by John Leonard.
2:17 of 2nd period - Shot Blocked by Philippe Myers.
2:32 of 2nd period - Riley Damiani is hit by Isaak Phillips and loses puck.
2:43 of 2nd period - Wrist shot by Jason Dickinson.
2:43 of 2nd period - Shot Blocked by Philippe Myers.
2:45 of 2nd period - Slapshot by Artemi Kniazev.
2:45 of 2nd period - Stopped by Ryan Fanti without a rebound.
2:46 of 2nd period - Philip Tomasino wins face-off versus Ryan Dzingel in Adelaide Pink Elephants zone.
2:56 of 2nd period - Martin Pospisil beats up Adam Gaudette.
2:56 of 2nd period - Penalty to Adam Gaudette for Fighting.
2:56 of 2nd period - Penalty to Martin Pospisil for Fighting.
2:56 of 2nd period - Penalty to Martin Pospisil for instigated a fight.
2:56 of 2nd period - Penalty to Martin Pospisil for instigated a fight.
2:57 of 2nd period - Kevin Stenlund wins face-off versus Jason Dickinson in Adelaide Pink Elephants zone.
3:10 of 2nd period - Snap shot by Matthew Phillips.
3:10 of 2nd period - Shot Misses the Net.
3:12 of 2nd period - Wrist shot by Riley Damiani.
3:12 of 2nd period - Stopped by Filip Gustavsson with a rebound.
3:26 of 2nd period - Snap shot by Ryan Dzingel.
3:26 of 2nd period - Shot Blocked by Jarred Tinordi.
3:28 of 2nd period - Slapshot by Caleb Jones.
3:28 of 2nd period - Shot Blocked by Jarred Tinordi.
3:30 of 2nd period - Snap shot by Philippe Myers.
3:30 of 2nd period - Stopped by Filip Gustavsson with a rebound.
3:32 of 2nd period - Slapshot by Philippe Myers.
3:32 of 2nd period - Shot Blocked by Jason Dickinson.
4:00 of 2nd period - Artemi Kniazev is hit by Johan Larsson and loses puck.
4:56 of 2nd period - Penalty to Martin Pospisil is over, John Leonard is send on ice.
6:50 of 2nd period - Marc McLaughlin is hit by Max Gildon and loses puck.
7:46 of 2nd period - Robin Salo is hit by Victor Soderstrom and loses puck.
8:24 of 2nd period - Valtteri Puustinen is hit by Ryan Dzingel and loses puck.
9:03 of 2nd period - Minor Penalty to Johan Larsson for Hooking.
9:04 of 2nd period - Adam Gaudette wins face-off versus Jason Dickinson in Adelaide Pink Elephants zone.
9:12 of 2nd period - Off-side.
9:13 of 2nd period - Jason Dickinson wins face-off versus Adam Gaudette in neutral zone.
9:15 of 2nd period - Off-side.
9:16 of 2nd period - Adam Gaudette wins face-off versus Jason Dickinson in neutral zone.
9:21 of 2nd period - Snap shot by Kevin Stenlund.
9:21 of 2nd period - Deflect By Adam Gaudette.
9:21 of 2nd period - Stopped by Filip Gustavsson without a rebound.
9:22 of 2nd period - Riley Damiani wins face-off versus Jason Dickinson in Orlando Solar Bears zone.
9:23 of 2nd period - Wrist shot by Ryan Dzingel.
9:23 of 2nd period - Shot Blocked by Jordan Martinook.
9:31 of 2nd period - Wrist shot by Riley Damiani.
9:31 of 2nd period - Goal by Riley Damiani - Orlando Solar Bears : 0 - Adelaide Pink Elephants : 3.
9:32 of 2nd period - Riley Damiani wins face-off versus Jason Dickinson in neutral zone.
9:40 of 2nd period - Icing by John Leonard.
9:41 of 2nd period - Jason Dickinson wins face-off versus Riley Damiani in Orlando Solar Bears zone.
9:46 of 2nd period - Snap shot by Jason Dickinson.
9:46 of 2nd period - Goal by Jason Dickinson - Orlando Solar Bears : 1 - Adelaide Pink Elephants : 3.
9:47 of 2nd period - Jason Dickinson wins face-off versus Johan Larsson in neutral zone.
10:39 of 2nd period - Snap shot by Valtteri Puustinen.
10:39 of 2nd period - Stopped by Ryan Fanti without a rebound.
10:40 of 2nd period - Johan Larsson wins face-off versus Jason Dickinson in Adelaide Pink Elephants zone.
10:40 of 2nd period - Johan Larsson is hit by Isaak Phillips.
10:50 of 2nd period - Jordan Martinook is hit by Johan Larsson and loses puck.
11:18 of 2nd period - Snap shot by Valtteri Puustinen.
11:18 of 2nd period - Shot Misses the Net.
11:36 of 2nd period - Icing by Philippe Myers.
11:37 of 2nd period - Kevin Stenlund wins face-off versus Jason Dickinson in Adelaide Pink Elephants zone.
11:37 of 2nd period - Kevin Stenlund is hit by John Leonard.
11:45 of 2nd period - Snap shot by Kevin Stenlund.
11:45 of 2nd period - Deflect By Victor Soderstrom.
11:45 of 2nd period - Shot Misses the Net.
11:45 of 2nd period - Puck is out of play.
11:46 of 2nd period - Kevin Stenlund wins face-off versus Jason Dickinson in Orlando Solar Bears zone.
12:15 of 2nd period - Donovan Sebrango is hit by Akil Thomas and loses puck.
12:34 of 2nd period - Max Gildon is hit by Ryan Dzingel and loses puck.
12:41 of 2nd period - Slapshot by Donovan Sebrango.
12:41 of 2nd period - Shot Misses the Net.
12:43 of 2nd period - Slapshot by Isaak Phillips.
12:43 of 2nd period - Shot Misses the Net.
12:45 of 2nd period - Wrist shot by Jason Dickinson.
12:45 of 2nd period - Shot Blocked by Declan Chisholm.
12:47 of 2nd period - Slapshot by Isaak Phillips.
12:47 of 2nd period - Shot Blocked by Declan Chisholm.
12:49 of 2nd period - Slapshot by Artemi Kniazev.
12:49 of 2nd period - Shot Misses the Net.
12:57 of 2nd period - Snap shot by John Leonard.
12:57 of 2nd period - Shot Misses the Net.
12:59 of 2nd period - Slapshot by Jason Dickinson.
12:59 of 2nd period - Stopped by Ryan Fanti without a rebound.
13:00 of 2nd period - Alex Turcotte wins face-off versus Johan Larsson in Adelaide Pink Elephants zone.
13:01 of 2nd period - Wrist shot by Emilio Pettersen.
13:01 of 2nd period - Stopped by Ryan Fanti with a rebound.
13:32 of 2nd period - Slapshot by Jarred Tinordi.
13:32 of 2nd period - Stopped by Ryan Fanti with a rebound.
14:08 of 2nd period - Jamieson Rees is hit by Nick Cicek and loses puck.
14:33 of 2nd period - Matthew Phillips is hit by Emilio Pettersen.
14:57 of 2nd period - Backhand shot by Adam Gaudette.
14:57 of 2nd period - Stopped by Filip Gustavsson with a rebound.
15:29 of 2nd period - John Leonard is hit by Ryan Dzingel and loses puck.
17:45 of 2nd period - Icing by Matthew Phillips.
17:46 of 2nd period - Alex Turcotte wins face-off versus Johan Larsson in Adelaide Pink Elephants zone.
17:47 of 2nd period - Wrist shot by Jamieson Rees.
17:47 of 2nd period - Stopped by Ryan Fanti with a rebound.
17:56 of 2nd period - 10 Minutes Misconduct Penalty to Martin Pospisil is over.
18:26 of 2nd period - Minor Penalty to Adam Beckman for High sticking.
18:27 of 2nd period - Kevin Stenlund wins face-off versus Jason Dickinson in Orlando Solar Bears zone.
18:31 of 2nd period - Snap shot by Riley Damiani.
18:31 of 2nd period - Shot Misses the Net.
18:33 of 2nd period - Slapshot by Matthew Phillips.
18:33 of 2nd period - Shot Misses the Net.
18:35 of 2nd period - Slapshot by Caleb Jones.
18:35 of 2nd period - Stopped by Filip Gustavsson with a rebound.
18:37 of 2nd period - Snap shot by Matthew Phillips.
18:37 of 2nd period - Shot Blocked by Victor Soderstrom.
18:39 of 2nd period - Snap shot by Kevin Stenlund.
18:39 of 2nd period - Stopped by Filip Gustavsson without a rebound.
18:40 of 2nd period - Kevin Stenlund wins face-off versus Morgan Frost in Orlando Solar Bears zone.
19:22 of 2nd period - Off-side.
19:23 of 2nd period - Kevin Stenlund wins face-off versus Philip Tomasino in neutral zone.
19:50 of 2nd period - Morgan Frost is hit by Adam Gaudette and loses puck.
Goals for this period are 1 for Orlando Solar Bears vs 1 for Adelaide Pink Elephants.
Shots for this period are 10 for Orlando Solar Bears vs 7 for Adelaide Pink Elephants.
3rd period
0:01 of 3rd period - Jason Dickinson wins face-off versus Johan Larsson in neutral zone.
0:13 of 3rd period - Snap shot by Adam Gaudette.
0:13 of 3rd period - Shot Blocked by Victor Soderstrom.
0:15 of 3rd period - Slapshot by Robin Salo.
0:15 of 3rd period - Deflect By Johan Larsson.
0:15 of 3rd period - Stopped by Filip Gustavsson with a rebound.
0:26 of 3rd period - Penalty to Adam Beckman is over, Adam Beckman is back on ice.
0:34 of 3rd period - Snap shot by Morgan Frost.
0:34 of 3rd period - Shot Blocked by Riley Damiani.
0:43 of 3rd period - Icing by Artemi Kniazev.
0:44 of 3rd period - Philip Tomasino wins face-off versus Riley Damiani in Orlando Solar Bears zone.
1:33 of 3rd period - Jordan Martinook is hit by Axel Jonsson-Fjallby and loses puck.
2:52 of 3rd period - Wrist shot by Morgan Frost.
2:52 of 3rd period - Stopped by Ryan Fanti with a rebound.
2:54 of 3rd period - Wrist shot by Valtteri Puustinen.
2:54 of 3rd period - Stopped by Ryan Fanti without a rebound.
2:55 of 3rd period - Riley Damiani wins face-off versus Jason Dickinson in Adelaide Pink Elephants zone.
3:08 of 3rd period - Slapshot by Jason Dickinson.
3:08 of 3rd period - Shot Misses the Net.
3:10 of 3rd period - Snap shot by Jason Dickinson.
3:10 of 3rd period - Deflect By Jordan Martinook.
3:10 of 3rd period - Stopped by Ryan Fanti with a rebound.
3:27 of 3rd period - Slapshot by A.J. Greer.
3:27 of 3rd period - Shot Blocked by Artemi Kniazev.
3:29 of 3rd period - Snap shot by Akil Thomas.
3:29 of 3rd period - Stopped by Filip Gustavsson without a rebound.
3:30 of 3rd period - Johan Larsson wins face-off versus Jason Dickinson in Orlando Solar Bears zone.
3:45 of 3rd period - Snap shot by Johan Larsson.
3:45 of 3rd period - Stopped by Filip Gustavsson without a rebound.
3:46 of 3rd period - Kevin Stenlund wins face-off versus Philip Tomasino in Orlando Solar Bears zone.
3:51 of 3rd period - Snap shot by Kevin Stenlund.
3:51 of 3rd period - Shot Misses the Net.
3:53 of 3rd period - Slapshot by Philippe Myers.
3:53 of 3rd period - Shot Misses the Net.
3:55 of 3rd period - Wrist shot by Axel Jonsson-Fjallby.
3:55 of 3rd period - Shot Blocked by Philip Tomasino.
3:57 of 3rd period - Wrist shot by Axel Jonsson-Fjallby.
3:57 of 3rd period - Deflect By Victor Soderstrom.
3:57 of 3rd period - Shot Misses the Net.
3:57 of 3rd period - Puck is out of play.
3:58 of 3rd period - Johan Larsson wins face-off versus Jason Dickinson in Orlando Solar Bears zone.
4:06 of 3rd period - Minor Penalty to Jarred Tinordi for Hooking.
4:07 of 3rd period - Johan Larsson wins face-off versus Jason Dickinson in Orlando Solar Bears zone.
4:09 of 3rd period - Snap shot by Ryan Dzingel.
4:09 of 3rd period - Shot Misses the Net.
4:15 of 3rd period - Wrist shot by Adam Gaudette.
4:15 of 3rd period - Stopped by Filip Gustavsson without a rebound.
4:16 of 3rd period - Morgan Frost wins face-off versus Johan Larsson in Orlando Solar Bears zone.
4:33 of 3rd period - Slapshot by Philippe Myers.
4:33 of 3rd period - Stopped by Filip Gustavsson with a rebound.
4:35 of 3rd period - Slapshot by Philippe Myers.
4:35 of 3rd period - Shot Blocked by Victor Soderstrom.
4:37 of 3rd period - Slapshot by Adam Gaudette.
4:37 of 3rd period - Goal by Adam Gaudette - Orlando Solar Bears : 1 - Adelaide Pink Elephants : 4.
4:38 of 3rd period - Jason Dickinson wins face-off versus Johan Larsson in neutral zone.
5:07 of 3rd period - Snap shot by Philippe Myers.
5:07 of 3rd period - Stopped by Filip Gustavsson with a rebound.
5:31 of 3rd period - Snap shot by Philip Tomasino.
5:31 of 3rd period - Stopped by Ryan Fanti with a rebound.
5:35 of 3rd period - Wrist shot by Philip Tomasino.
5:35 of 3rd period - Shot Misses the Net.
5:37 of 3rd period - Snap shot by Linus Weissbach.
5:37 of 3rd period - Shot Blocked by Robin Salo.
5:55 of 3rd period - Wrist shot by John Leonard.
5:55 of 3rd period - Shot Blocked by A.J. Greer.
5:57 of 3rd period - Slapshot by Jarred Tinordi.
5:57 of 3rd period - Deflect By Jordan Martinook.
5:57 of 3rd period - Stopped by Ryan Fanti with a rebound.
6:11 of 3rd period - Minor Penalty to Jamieson Rees for Roughing.
6:12 of 3rd period - Jason Dickinson wins face-off versus Johan Larsson in Orlando Solar Bears zone.
6:19 of 3rd period - Snap shot by Jason Dickinson.
6:19 of 3rd period - Shot Misses the Net.
6:25 of 3rd period - Wrist shot by Jason Dickinson.
6:25 of 3rd period - Shot Misses the Net.
6:27 of 3rd period - Slapshot by Victor Soderstrom.
6:27 of 3rd period - Deflect By Jason Dickinson.
6:27 of 3rd period - Stopped by Ryan Fanti with a rebound.
6:37 of 3rd period - Victor Soderstrom is hit by Caleb Jones and loses puck.
6:44 of 3rd period - Wrist shot by Riley Damiani.
6:44 of 3rd period - Deflect By Matthew Phillips.
6:44 of 3rd period - Shot Blocked by Jason Dickinson.
6:44 of 3rd period - Puck is out of play.
6:45 of 3rd period - Morgan Frost wins face-off versus Johan Larsson in Orlando Solar Bears zone.
7:48 of 3rd period - Adam Gaudette is hit by Jarred Tinordi and loses puck.
8:11 of 3rd period - Penalty to Jamieson Rees is over, Jamieson Rees is back on ice.
8:23 of 3rd period - Snap shot by Emilio Pettersen.
8:23 of 3rd period - Deflect By Caleb Jones.
8:23 of 3rd period - Stopped by Ryan Fanti with a rebound.
9:33 of 3rd period - Slapshot by Adam Beckman.
9:33 of 3rd period - Stopped by Ryan Fanti with a rebound.
10:02 of 3rd period - Snap shot by Jason Dickinson.
10:02 of 3rd period - Stopped by Ryan Fanti with a rebound.
10:25 of 3rd period - Morgan Frost is hit by Ryan Suzuki and loses puck.
10:53 of 3rd period - John Leonard is hit by Akil Thomas and loses puck.
11:23 of 3rd period - Snap shot by Morgan Frost.
11:23 of 3rd period - Stopped by Ryan Fanti without a rebound.
11:24 of 3rd period - Morgan Frost wins face-off versus Kevin Stenlund in Adelaide Pink Elephants zone.
11:53 of 3rd period - A.J. Greer is hit by Jamieson Rees and loses puck.
12:00 of 3rd period - Snap shot by Emilio Pettersen.
12:00 of 3rd period - Stopped by Ryan Fanti without a rebound.
12:01 of 3rd period - Johan Larsson wins face-off versus Jason Dickinson in Adelaide Pink Elephants zone.
13:07 of 3rd period - Artemi Kniazev is hit by Ryan Dzingel and loses puck.
13:38 of 3rd period - Johan Larsson is hit by Martin Pospisil and loses puck.
14:08 of 3rd period - Off-side.
14:09 of 3rd period - Tyler Madden wins face-off versus Jason Dickinson in neutral zone.
14:14 of 3rd period - Snap shot by Ryan Dzingel.
14:14 of 3rd period - Shot Misses the Net.
14:37 of 3rd period - Wrist shot by Kevin Stenlund.
14:37 of 3rd period - Stopped by Filip Gustavsson with a rebound.
15:03 of 3rd period - Minor Penalty to Linus Weissbach for Tripping.
15:04 of 3rd period - Jason Dickinson wins face-off versus Kevin Stenlund in Orlando Solar Bears zone.
15:31 of 3rd period - Jarred Tinordi is hit by Declan Chisholm and loses puck.
16:15 of 3rd period - John Leonard is hit by Ryan Dzingel and loses puck.
17:02 of 3rd period - Johan Larsson is hit by Isaak Phillips and loses puck.
17:03 of 3rd period - Penalty to Linus Weissbach is over, Linus Weissbach is back on ice.
18:54 of 3rd period - Wrist shot by John Leonard.
18:54 of 3rd period - Stopped by Ryan Fanti without a rebound.
18:55 of 3rd period - Kevin Stenlund wins face-off versus Philip Tomasino in Adelaide Pink Elephants zone.
19:10 of 3rd period - Slapshot by Linus Weissbach.
19:10 of 3rd period - Stopped by Ryan Fanti with a rebound.
Goals for this period are 0 for Orlando Solar Bears vs 1 for Adelaide Pink Elephants.
Shots for this period are 13 for Orlando Solar Bears vs 8 for Adelaide Pink Elephants.
Back to the Top